Map: Mothership LE

Players

Deluxe - Winner!

  • Race: Terran Terran
  • Spawn Location: 6:00

Eric

  • Race: Terran Terran
  • Spawn Location: 9:00

VOD

Have the link to the VOD?

Description

Time

  • Played on: May 31, 2026, 3:09 a.m.
  • Length: 10:52
Show
View Real Time Build Order
Export as new Build Order

Deluxe Terran - Winner!

Build Orders:  

Get SALT Encoding   

  12  0:01  SCV  
  13  0:13  SCV  
  14  0:18  Supply Depot  
  14  0:25  SCV  
  15  0:39  SCV  
  15  0:42  Barracks  
  16  0:51  SCV  
  17  1:04  SCV  
  18  1:07  Refinery  
  18  1:16  SCV  
  19  1:25  Refinery  
  19  1:28  SCV  
  19  1:30  Marine  
  21  1:40  SCV  
  22  1:48  Marine  
  22  1:51  Command Center  
  23  2:05  Supply Depot  
  23  2:24  Supply Depot  
  23  2:27  Supply Depot  
  23  2:29  Supply Depot  
  24  2:35  Orbital Command  
  23  2:37  Barracks Reactor  
  23  3:08  Orbital Command, Supply Depot  
  23  3:12  SCV  
  24  3:22  Marine  
  24  3:23  Marine  
  24  3:24  SCV  
  27  3:31  Supply Depot  
  27  3:40  Marine  
  27  3:41  Marine, Factory  
  28  3:43  SCV  
  30  3:51  SCV  
  30  3:54  Supply Depot  
  30  3:55  SCV  
  32  4:00  Marine  
  32  4:01  Marine  
  34  4:03  SCV  
  34  4:07  SCV  
  36  4:17  Barracks  
  36  4:18  Marine  
  37  4:27  Factory Tech Lab  
  37  4:28  Starport  
  37  4:34  Supply Depot  
  37  4:40  Marine  
  37  4:41  Marine  
  39  4:46  SCV  
  40  4:55  SCV  
  40  4:57  Supply Depot  
  40  4:58  Marine, SCV  
  40  4:59  Marine  
  44  5:06  Siege Tank  
  47  5:07  SCV  
  47  5:11  SCV  
  47  5:13  Medivac  
  51  5:16  Marine  
  51  5:17  Marine  
  51  5:19  SCV  
  54  5:23  SCV  
  55  5:31  SCV  
  55  5:33  Marine  
  55  5:34  Marine x2  
  55  5:35  SCV  
  60  5:38  Siege Tank  
  63  5:43  SCV, Medivac  
  63  5:47  SCV  
  67  5:52  Marine x2, Barracks Tech Lab  
  67  5:55  SCV  
  70  6:04  Barracks  
  70  6:06  SCV, Barracks  
  70  6:07  SCV  
  70  6:09  Marine  
  70  6:10  Marine  
  74  6:12  Refinery  
  74  6:13  Medivac  
  74  6:16  Refinery  
  74  6:18  SCV  
  77  6:20  SCV  
  77  6:22  Siege Tank  
  81  6:30  SCV  
  82  6:35  Engineering Bay  
  82  6:42  SCV  
  82  6:43  Medivac  
  82  6:46  Supply Depot  
  88  6:54  Siege Tank, SCV  
  88  6:55  Supply Depot  
  89  7:01  Supply Depot  
  89  7:03  Terran Infantry Weapons Level 1  
  89  7:07  Combat Shield  
  89  7:10  Marine  
  89  7:12  Supply Depot, Marine  
  89  7:13  Medivac  
  89  7:15  Marine  
  93  7:16  Marine x2  
  96  7:23  Supply Depot  
  96  7:24  Supply Depot  
  96  7:26  Siege Tank  
  96  7:28  Marine  
  100  7:30  Marine  
  100  7:33  Marine x3  
  104  7:43  Medivac  
  106  7:46  Marine  
  106  7:47  Marine  
  106  7:50  SCV  
  106  7:51  Marine x3, SCV  
  109  7:58  Siege Tank  
  116  8:02  SCV  
  116  8:03  SCV  
  116  8:04  Marine  
  116  8:05  Marine  
  119  8:09  Marine x3  
  123  8:14  SCV  
  123  8:16  SCV  
  123  8:18  Command Center  
  125  8:21  Marine  
  125  8:23  Marine  
  125  8:25  Stimpack  
  125  8:26  Marine  
  128  8:27  Marine x2  
  130  8:39  Marine  
  130  8:41  Marine  
  131  8:45  Marine  
  133  8:57  Marine  
  133  8:59  Marine  
Show
View Real Time Build Order
Export as new Build Order

Eric Terran 

Build Orders:  

Get SALT Encoding   

  12  0:12  Supply Depot  
  12  0:21  Refinery  
  12  0:40  Barracks  
  12  0:52  Engineering Bay  
  12  0:53  SCV  
  13  1:07  Supply Depot  
  13  1:14  SCV  
  14  1:49  Refinery  
  14  1:57  Barracks Reactor  
  14  2:20  Factory  
  14  2:31  Orbital Command  
  14  2:37  Marine x2  
  16  2:55  Marine x2  
  18  3:04  SCV  
  19  3:08  Terran Infantry Weapons Level 1  
  19  3:13  Marine x2  
  19  3:15  Factory Tech Lab  
  19  3:16  SCV  
  22  3:31  Reaper x2  
  24  3:48  Siege Tank  
  27  4:02  Supply Depot  
  27  4:09  Marine x2  
  29  4:27  Marine x2  
  29  4:28  Supply Depot  
  31  4:58  Missile Turret  
  31  4:59  SCV  
  32  5:02  Terran Infantry Armor Level 1  
  32  5:11  SCV, Missile Turret  
  33  5:35  Starport  
  33  5:47  Missile Turret  
  33  5:57  Bunker  
  33  5:58  SCV  
  34  6:07  Reaper  
  34  6:10  SCV  
  36  6:19  Siege Tank  
  39  6:26  Starport Tech Lab  
  39  6:43  Fusion Core  
  39  6:51  Widow Mine  
  41  6:57  Hi-Sec Auto Tracking  
  41  7:02  Bunker  
  41  7:20  SCV  
  42  7:32  SCV  
  43  7:54  Neosteel Armor  
  43  8:00  Command Center  
  43  8:04  Refinery  
  43  8:21  SCV  
  43  8:22  Missile Turret  
  44  8:40  Bunker  
  44  8:57  Battlecruiser  
  44  9:00  Refinery  
  45  9:46  Bunker, Siege Tank  
  48  9:58  Armory  
Tags
 
Matchup
TvT
Race
Terran
Spawn Locations
Close Positions
Add a new tag
Caveats
  • Supply blocks, unpowered buildings, or Contaminate may cause inaccurate times.
  • Supply counts are checked every 10 seconds.